 Dungeon Crawl Stone Soup version 0.32-a0-871-ge202e49faa (webtiles) character file.

Game seed: 6440122467813539353

1313 Griffin23 the Slasher (level 8, -11/71 HPs)
             Began as a Minotaur Fighter on Mar 30, 2024.
             Killed from afar by a steam dragon (27 damage)
             ... with a ball of steam
             ... on level 6 of the Dungeon.
             The game lasted 00:05:17 (4943 turns).

Griffin23 the Slasher (Minotaur Fighter)            Turns: 4943, Time: 00:05:18

Health: -11/71     AC:  9    Str: 24    XL:     8   Next: 32%
Magic:  7/7        EV:  8    Int:  5    God:
Gold:   285        SH: 10    Dex:  9    Spells: 7/7 levels left

rFire   . . .        a - +0 long sword
rCold   . . .        c - +0 buckler
rNeg    . . .        b - +0 scale mail
rPois   .            (helmet restricted)
rElec   .            (no cloak)
rCorr   .            j - +0 pair of gloves
SInv    +            (no boots)
Will    .....        e - amulet of reflection Stlth
                     h - ring of see invisible
HPRegen 0.31/turn    (no ring)
MPRegen 0.10/turn

%: reflection
@: no status effects
A: horns 2, retaliatory headbutt
a: no special abilities


You were on level 6 of the Dungeon.
You visited 1 branch of the dungeon, and saw 6 of its levels.

You collected 285 gold pieces.

Inventory:

Hand Weapons
 a - a +0 long sword (weapon)
Armour
 b - a +0 scale mail (worn)
 c - a +0 buckler (worn)
 j - a +0 pair of gloves (worn)
Jewellery
 e - an amulet of reflection (around neck)
 h - a ring of see invisible (left hand)
 q - an amulet of the acrobat
Wands
 w - a wand of acid (9)
 y - a wand of roots (4)
 A - a wand of paralysis (10)
Scrolls
 f - 2 scrolls of fear {unknown}
 g - 2 scrolls of teleportation
 i - 2 scrolls of poison {unknown}
 k - a scroll of amnesia {unknown}
 n - a scroll of identify {unknown}
 o - a scroll of immolation
 s - a scroll of torment {unknown}
 t - a scroll of brand weapon {unknown}
Potions
 d - a potion of might
 l - a potion of enlightenment {unknown}
 m - a potion of invisibility {unknown}
 p - 3 potions of berserk rage {unknown}
 r - a potion of brilliance {unknown}
 u - a potion of degeneration {unknown}
 v - a potion of mutation {unknown}
 x - a potion of curing
 z - a potion of resistance {unknown}


   Skills:
 + Level 6.5 Fighting
 * Level 7.6 Long Blades
 + Level 6.7 Armour
 + Level 6.7 Shields


You had 7 spell levels left.
You didn't know any spells.
Your spell library contained the following spells:

 Spells                   Type           Power      Damage    Failure   Level
 Passwall                 Erth           0%         N/A       99%         3
 Volatile Blastmotes      Fire/Tloc      0%         2d10      99%         3
 Vhi's Electric Charge    Tloc/Air       0%         N/A       100%        4
 Bombard                  Conj/Erth      0%         9d1       100%        6
 Haunt                    Necr/Summ      0%         N/A       100%        7
 Borgnjor's Revivificati  Necr           0%         N/A       100%        8
 Death's Door             Necr           0%         N/A       100%        9


Dungeon Overview and Level Annotations

Branches:
Dungeon (6/15)
 Temple: D:4-7

Altars:

Shops:
D:2 !


Innate Abilities, Weirdness & Mutations

You have a pair of horns on your head.
You reflexively headbutt those who attack you in melee.


Message History

The gnoll bouda is heavily wounded.
The gnoll is no longer moving quickly.
The gnoll hits you but does no damage.
The gnoll bouda hits you with a +0 whip.
A gnoll comes into view. It is wielding a +0 spear.
The adder barely misses you. You block the gnoll's attack.
The gnoll shouts!
You hit the gnoll bouda.
You headbutt the gnoll bouda, but do no damage.
The gnoll bouda is heavily wounded.
The adder bites you but does no damage.
The gnoll hits you from afar with a +0 spear.
* * * LOW HITPOINT WARNING * * *
The gnoll bouda barks out a call to the hunt!
The gnolls pick up the pace!
The gnoll hits you from afar with a +0 spear.
* * * LOW HITPOINT WARNING * * *
As you read the scroll of teleportation, it crumbles to dust.
You feel strangely unstable. You block the adder's attack.
The gnoll hits you but does no damage. You block the gnoll bouda's attack.
The gnoll completely misses you. The gnoll hits you but does no damage.
The adder bites you.
* * * LOW HITPOINT WARNING * * *
As you read the scroll of immolation, it crumbles to dust.
The creatures around you are filled with an inner flame!
The gnoll closely misses you.
The gnoll bouda hits you but does no damage.
You block the gnoll's attack. The adder bites you but does no damage.
The gnoll hits you from afar with a +0 spear.
* * * LOW HITPOINT WARNING * * *
You block the gnoll's attack. The gnoll attacks as it pursues you!
The gnoll barely misses you. The gnoll attacks as it pursues you!
You block the gnoll's attack. The gnoll hits you but does no damage.
You see here 6 gold pieces.
You now have 285 gold pieces (gained 6).
Your surroundings suddenly seem different.
A steam dragon comes into view.
The steam dragon breathes steam at you. The ball of steam hits you!!
You die...

.##.
##+#.....
#.......#
#.......#
+.......#
#.......#
#.......#
#....D..##
#.ยง...#
+.@...#
#.....#
#.....#
#.....#
#.....#
#######


You could see a steam dragon (catching breath).

Vanquished Creatures
  A wyvern (D:5)
  Duvessa (D:4)
  An ice beast (D:5)
  An ogre (D:5)
  A centaur (D:6)
  A phantom (D:5)
  A scorpion (D:5)
  Dowan (D:4)
  A howler monkey (D:4)
  A bombardier beetle (D:4)
  3 hounds
  An orc priest (D:4)
  2 iguanas (D:5)
  An orc wizard (D:4)
  Robin (D:3)
  9 adders
  10 gnolls
  A shadow imp (D:5)
  4 ufetubi (D:5)
  A ribbon worm (D:4)
  9 orcs
  14 ball pythons
  9 endoplasms
  3 giant cockroaches
  17 goblins
  11 hobgoblins
  5 jackals (D:2)
  5 quokkas
  7 bats
  6 frilled lizards
  3 kobolds (D:3)
  2 rats
134 creatures vanquished.

Notes
Turn   | Place    | Note
-------+----------+-------------------------------------------
     0 | D:1      | Griffin23 the Minotaur Fighter began the quest for the Orb.
     0 | D:1      | Reached XP level 1. HP: 19/19 MP: 0/0
   154 | D:1      | Reached XP level 2. HP: 24/27 MP: 1/1
   451 | D:1      | Reached skill level 3 in Long Blades
   658 | D:1      | Reached XP level 3. HP: 32/33 MP: 2/2
  1080 | D:2      | Found Caokhyfu's Distillery.
  1170 | D:2      | Reached XP level 4. HP: 40/40 MP: 3/3
  1741 | D:3      | Reached XP level 5. HP: 35/47 MP: 4/4
  2007 | D:3      | Reached skill level 4 in Long Blades
  2138 | D:3      | Noticed Robin
  2164 | D:3      | Killed Robin
  2165 | D:3      | Reached skill level 5 in Armour
  2230 | D:3      | Found a faded altar of an unknown god.
  2240 | D:3      | Reached skill level 5 in Shields
  2689 | D:4      | Reached XP level 6. HP: 49/55 MP: 5/5
  2887 | D:4      | Reached skill level 5 in Fighting
  3086 | D:4      | Noticed Duvessa
  3086 | D:4      | Noticed Dowan
  3094 | D:4      | Killed Duvessa
  3095 | D:4      | Reached skill level 5 in Long Blades
  3107 | D:4      | Killed Dowan
  3164 | D:4      | Reached XP level 7. HP: 25/61 MP: 6/6
  4041 | D:5      | Entered Level 5 of the Dungeon
  4094 | D:5      | Reached skill level 6 in Long Blades
  4642 | D:5      | Noticed a wyvern
  4652 | D:5      | Killed a wyvern
  4653 | D:5      | Reached skill level 7 in Long Blades
  4653 | D:5      | Reached XP level 8. HP: 50/71 MP: 7/7
  4943 | D:6      | Killed from afar by a steam dragon

Illustrated notes

Levels and vault maps discovered:
D:1:      lightli_arrival_maybe_door_vault, layout_loops_ring
D:2:      layout_loops_ring, serial_shops, nicolae_shop_getting_attention,
          minmay_increasing_density
D:3:      layout_basic, ebering_ecumenical_altar_petrified, uniq_robin
D:4:      layout_basic, hangedman_abyss_or_decor_lesser_grid, minivault_23,
          reono_crystal_passage, chequers_arboretum, serial_bayou_crossing,
          uniq_duvessa
D:5:      layout_rooms
D:6:      layout_gridville

Skill      XL: |  1  2  3  4  5  6  7 |
---------------+----------------------+-----
Armour         | 4 5 6 |  6.7
Fighting       | 4 5 6 |  6.5
Shields        | 4 5 6 |  6.7
Long Blades    | 3 4 5 7 |  7.6

Action                     |  1- 3 |  4- 6 |  7- 9 || total
---------------------------+-------+-------+-------++-------
  Melee: Long sword        |    90 |   184 |   138 ||   412
         Headbutt          |    15 |    34 |    30 ||    79
  Evoke: Wand              |       |       |     1 ||     1
    Use: Potion            |       |     6 |       ||     6
         Scroll            |       |       |     4 ||     4
 Armour: Scale mail        |    63 |   129 |   143 ||   335
  Dodge: Dodged            |    28 |    67 |    90 ||   185
  Block: Buckler           |    37 |    90 |   118 ||   245
         Reflection        |       |       |     2 ||     2

Table legend: (Time is in decaauts)
 A = Elapsed time spent in this place.
 B = Non-inter-level travel time spent in this place.
 C = Inter-level travel time spent in this place.
 D = Time resting spent in this place.
 E = Time spent auto-exploring this place.
 F = Levels seen in this place.
 G = Mean time per level.
                   A        B        C        D        E       F      G
               +--------+--------+--------+--------+--------+-----+--------+
         Total |   5033 |   4917 |    116 |    160 |   3892 |   6 |  838.8 |
       Dungeon |   5033 |   4917 |    116 |    160 |   3892 |   6 |  838.8 |
               +--------+--------+--------+--------+--------+-----+--------+

Top non-repeatable levels by time:
     D:4: 1467 daAuts
     D:3: 1066 daAuts
     D:2: 839 daAuts
     D:5: 810 daAuts
     D:1: 747 daAuts
     D:6: 102 daAuts
